AoeStats
← happyhoeker

Arabian Desert

509929124Analyzed
1v1 RM · 3d ago on Sep 28, 2026· 34m 11s· 2 players
Game mode
Random Map
Map size
Tiny (2 player)
Population
200
Speed
Normal
Resources
Standard
Victory
Conquest
Starting age
Dark Age
Ending age
Imperial Age
RankedLock teamsTeams togetherTeam positionsShared explorationLock speedFull tech treeHidden civsTurbo modeCheats
Victory
Defeat
🇳🇱 Magyars · Netherlands
1183
+16
🇩🇪 Byzantines · Germany
1180
-16
NQCrocodylus
0:30 Loom
9:43 Feudal Age
19:09 Castle Age
17:45 Scale Mail Armor
17:55 Forging
18:35 Arson
21:31 Double-Bit Axe
happyhoeker
8:05 Loom
10:24 Feudal Age
11:06 Double-Bit Axe
19:18 Castle Age
17:17 Gold Mining
17:23 Fletching
19:45 Horse Collar
20:49 Bloodlines
20:40 Husbandry
22:31 Bodkin Arrow
22:49 Padded Archer Armor
23:44 Wheelbarrow
24:10 Heavy Plow
24:24 Bow Saw
25:30 Scale Barding Armor
27:40 Thumb Ring
28:52 Leather Archer Armor
Connection lost

Rejoining the realm…

Still unreachable

The connection could not be restored.

Session expired

The server has moved on; the page needs a fresh start.